 Dungeon Sprint DCSS version 0.21.1-1-g345015f (webtiles) character file.

21815 wojtek the Executioner (level 12, -3/125 HPs)
             Began as a Minotaur Berserker on Feb 17, 2018.
             Was the Champion of Trog.
             Slain by a naga warrior
             ... wielding a +0 hand axe
              (17 damage)
             ... in the Dungeon (Sprint III: "The Ten Rune Challenge").
             The game lasted 00:09:11 (3267 turns).

wojtek the Executioner (Minotaur Berserker)         Turns: 3267, Time: 00:09:11

Health: -3/125     AC: 19    Str: 27    XL:     12   Next: 57%
Magic:  11/11      EV: 11    Int:  4    God:    Trog [******]
Gold:   5604       SH:  0    Dex: 10    Spells: 11/11 levels left

rFire    + . .     SeeInvis .   a - +10 battleaxe "Sost" {freeze, Fragile +Fly rElec rF+}
rCold    . . .     Gourm    .   (shield currently unavailable)
rNeg     . . .     Faith    .   s - +0 plate armour
rPois    .         Spirit   .   x - +2 hat {MR+}
rElec    +         Reflect  .   (no cloak)
rCorr    .         Harm     .   (no gloves)
MR       +....     NoTele   +   (no boots)
Stlth    ..........             (no amulet)
HPRegen  0.30/turn              (no ring)
MPRegen  0.12/turn              (no ring)

@: constricted
A: retaliatory headbutt, horns 2
a: Berserk, Trog's Hand, Brothers in Arms, Burn Spellbooks, Renounce Religion,
Evoke Flight


You were in the Dungeon.
You worshipped Trog.
Trog was exalted by your worship.
You were not hungry.

You visited 1 branch You collected 5604 gold pieces.

Inventory:

Hand Weapons
 a - the +10 battleaxe "Sost" (weapon) {freeze, Fragile +Fly rElec rF+}
   (Trog gifted it to you in the Dungeon)

   It has been specially enchanted to freeze those struck by it, causing extra
   injury to most foes and up to half again as much damage against particularly
   susceptible opponents.
   It can also slow down cold-blooded creatures.
   It protects you from fire.
   It insulates you from electricity.
   It lets you fly.
   It will be destroyed if unequipped.
 h - a +1 antimagic battleaxe
 j - a +4 antimagic broad axe
 r - a +2 antimagic battleaxe
 t - a +2 executioner's axe of chopping
 v - a +2 antimagic executioner's axe
 y - a +2 antimagic battleaxe
 C - the +3 battleaxe "Asareeg" {protect, rElec Int+2 Dex-3, unknown}
   (Trog gifted it to you in the Dungeon)

   It protects the one who uses it against injury (+AC on strike).
   It affects your intelligence (+2).
   It affects your dexterity (-3).
   It insulates you from electricity.
Armour
 s - a +0 plate armour (worn)
 x - a +2 hat of magic resistance (worn)
Scrolls
 i - a scroll of blinking
 l - 2 scrolls of holy word {unknown}
 m - 2 scrolls of identify
 n - 3 scrolls of remove curse {unknown}
 p - a scroll of enchant armour {unknown}
Potions
 e - a potion of heal wounds
 f - a potion of haste
 g - 2 potions of magic
 k - 4 potions of mutation {unknown}
 o - a potion of degeneration {unknown}
 q - 2 potions of flight
 u - a potion of might
 w - a potion of cancellation {unknown}
 z - a potion of lignification {unknown}
 A - a potion of brilliance {unknown}
Miscellaneous
 b - a phial of floods
Comestibles
 c - 12 rations
 B - 5 chunks of flesh


   Skills:
 + Level 17.2 Fighting
 * Level 22.6 Axes
 + Level 17.0 Armour
 + Level 15.8 Dodging


You had 11 spell levels left.
You didn't know any spells.

Dungeon Overview and Level Annotations

Branches:
Dungeon (1/1)

Altars:
Cheibriados
Dithmenos
Elyvilon
Fedhas
Gozag
Hepliaklqana
Kikubaaqudgha
Makhleb
Nemelex Xobeh
Okawaru
Qazlal
Ru
Sif Muna
Trog
Uskayaw
Vehumet
Wu Jian
Xom
Yredelemnul
Zin
The Shining One
Beogh
Jiyva
Lugonu

Shops:
D [=%:


Innate Abilities, Weirdness & Mutations

You reflexively headbutt those who attack you in melee.
You have a pair of horns on your head.


Message History

The naga warrior is severely wounded.
You feel sick. The naga warrior spits poison at you.
The splash of poison hits you!
You are more poisoned.
* * * LOW HITPOINT WARNING * * *
The naga warrior constricts you.
You hit the naga warrior but do no damage.
The naga warrior is severely wounded.
You feel sick.
You slash the naga warrior! You freeze the naga warrior.
The naga warrior is almost dead.
You feel sick.
The naga warrior hits you with a hand axe!
* * * LOW HITPOINT WARNING * * *
x2 The naga warrior constricts you.
Unknown command.
You feel better.
The naga warrior hits you with a hand axe!
You die...

#............#
###########..#
##.......÷)..#
#...........##
#..##########
#...........##
##...........#
##########).#
#...N@......#
#∩.........)##
#∩.##########
#∩


You could see a naga warrior.

Vanquished Creatures
  Gastronok (D)
  A nagaraja (D)
  2 dire elephants (D)
  Josephine (D)
  A centaur warrior (D)
  3 anacondas (D)
  4 death yaks (D)
  An unseen horror (D)
  A deep elf mage (D)
  An elephant (D)
  7 black mambas (D)
  2 spiny frogs (D)
  A komodo dragon (D)
  A rime drake (D)
  A queen bee (D)
  8 blink frogs (D)
  A shadow (D)
  A spatial vortex (D)
  2 nagas (D)
  4 water moccasins (D)
  A swamp drake (D)
  A necrophage (D)
  2 centaurs (D)
  An earth elemental (D)
  3 wandering mushrooms (D)
  A water elemental (D)
  29 killer bees (D)
  An orc priest (D)
  A jelly (D)
  An orc wizard (D)
  A wizard (D)
  Jessica (D)
  A necromancer (D)
  3 humans (D)
  A kobold demonologist (D)
  A wolf (D)
  3 adders (D)
  An ooze (D)
  2 orcs (D)
  A rat (D)
  A plant (D)
101 creatures vanquished.

Vanquished Creatures (collateral kills)
  Rupert (D)
  An orc high priest (D)
  An orc sorcerer (D)
  An elephant (D)
  An orc warrior (D)
  3 killer bees (D)
  An orc priest (D)
  3 orc wizards (D)
  5 orcs (D)
  A giant cockroach (D)
18 creatures vanquished.

Vanquished Creatures (others)
  2 draconian scorchers (D)
  6 hellions (D)
  3 yaktaurs (D)
  An orc (D)
  2 plants (D)
14 creatures vanquished.

Grand Total: 133 creatures vanquished

Notes
Turn   | Place    | Note
-------+----------+-------------------------------------------
     0 | D        | wojtek the Minotaur Berserker began the quest for the Orb.
     0 | D        | Reached XP level 1. HP: 19/19 MP: 0/0
    12 | D        | Reached skill level 4 in Axes
    26 | D        | Noticed Jessica
    33 | D        | Killed Jessica
    33 | D        | Reached ** piety under Trog
    33 | D        | Reached skill level 5 in Axes
    33 | D        | Reached XP level 2. HP: 9/28 MP: 1/1
    33 | D        | Reached XP level 3. HP: 12/35 MP: 2/2
    52 | D        | Killed a hellion
    86 | D        | Killed a hellion
    97 | D        | Killed a hellion
    98 | D        | Killed a hellion
    98 | D        | Killed a hellion
    99 | D        | Killed a hellion
   177 | D        | Killed a white draconian scorcher
   202 | D        | Killed a white draconian scorcher
   219 | D        | Reached skill level 5 in Fighting
   219 | D        | Reached skill level 6 in Axes
   259 | D        | Noticed a water elemental
   263 | D        | Killed a water elemental
   263 | D        | Reached *** piety under Trog
   263 | D        | Reached skill level 8 in Axes
   263 | D        | Reached skill level 5 in Armour
   263 | D        | Reached skill level 5 in Dodging
   263 | D        | Reached XP level 4. HP: 43/44 MP: 3/3
   267 | D        | Killed a yaktaur
   350 | D        | Found a radiant altar of Vehumet.
   351 | D        | Found a deep blue altar of Sif Muna.
   351 | D        | Found an ancient bone altar of Kikubaaqudgha.
   351 | D        | Noticed a wizard
   356 | D        | Killed a wizard
   356 | D        | Reached XP level 5. HP: 51/51 MP: 4/4
   453 | D        | Found a glowing silver altar of Zin.
   454 | D        | Found a glowing golden altar of the Shining One.
   454 | D        | Found a white marble altar of Elyvilon.
   454 | D        | Noticed a deep elf mage
   459 | D        | Reached **** piety under Trog
   464 | D        | Killed a deep elf mage
   464 | D        | Reached ***** piety under Trog
   464 | D        | Reached skill level 12 in Axes
   464 | D        | Reached XP level 6. HP: 31/63 MP: 5/5
   464 | D        | Reached XP level 7. HP: 34/70 MP: 6/6
   632 | D        | Found a hide-covered altar of Uskayaw.
   632 | D        | Found an iron altar of Okawaru.
   633 | D        | Found a roughly hewn altar of Beogh.
   633 | D        | Found a bloodstained altar of Trog.
   633 | D        | Found an ornate altar of the Wu Jian Council.
   633 | D        | Noticed a human
   633 | D        | Noticed a human
   637 | D        | Killed a human
   641 | D        | Killed a human
   672 | D        | Found a shadowy altar of Dithmenos.
   676 | D        | Reached skill level 10 in Fighting
   676 | D        | Reached skill level 13 in Axes
   677 | D        | Found a basalt altar of Yredelemnul.
   677 | D        | Found a sacrificial altar of Ru.
   681 | D        | Received a gift from Trog
   691 | D        | Noticed a shadow
   696 | D        | Killed a shadow
   696 | D        | Reached XP level 8. HP: 79/79 MP: 7/7
   733 | D        | Found a blossoming altar of Fedhas.
   733 | D        | Found a stormy altar of Qazlal.
   734 | D        | Found a snail-covered altar of Cheibriados.
   734 | D        | Found a burning altar of Makhleb.
   734 | D        | Found a hazy altar of Hepliaklqana.
   734 | D        | Found a shimmering altar of Xom.
   734 | D        | Found an opulent altar of Gozag.
   734 | D        | Found a sparkling altar of Nemelex Xobeh.
   734 | D        | Found a corrupted altar of Lugonu.
   734 | D        | Found a viscous altar of Jiyva.
   744 | D        | Reached skill level 10 in Armour
   758 | D        | Noticed Josephine
   770 | D        | Killed Josephine
   770 | D        | Reached skill level 15 in Axes
   770 | D        | Reached skill level 10 in Dodging
   770 | D        | Reached XP level 9. HP: 61/89 MP: 8/8
  1016 | D        | Killed a yaktaur
  1203 | D        | Found Qemnoise's Book Boutique.
  1208 | D        | Noticed an orc high priest
  1209 | D        | Received a gift from Trog
  1215 | D        | Killed an orc high priest
  1216 | D        | Noticed an orc sorcerer
  1217 | D        | Reached ****** piety under Trog
  1221 | D        | Killed an orc sorcerer
  1224 | D        | Received a gift from Trog
  1225 | D        | Got an iridescent battleaxe {god gift}
  1226 | D        | Reached skill level 16 in Axes
  1228 | D        | Identified the +10 battleaxe "Sost" {freeze, Fragile +Fly rElec rF+} (Trog gifted it to you in the Dungeon)
  1419 | D        | Noticed a centaur warrior
  1423 | D        | Killed a centaur warrior
  1458 | D        | Killed an unseen horror
  1458 | D        | Received a gift from Trog
  1458 | D        | Reached skill level 17 in Axes
  1458 | D        | Reached XP level 10. HP: 77/100 MP: 9/9
  1548 | D        | Received a gift from Trog
  1582 | D        | Received a gift from Trog
  1919 | D        | Received a gift from Trog
  2123 | D        | Reached skill level 18 in Axes
  2126 | D        | Received a gift from Trog
  2293 | D        | Noticed a spiny frog
  2293 | D        | Noticed a spiny frog
  2295 | D        | Killed a spiny frog
  2297 | D        | Killed a spiny frog
  2330 | D        | Received a gift from Trog
  2451 | D        | Reached skill level 19 in Axes
  2451 | D        | Reached XP level 11. HP: 110/110 MP: 10/10
  2496 | D        | Noticed Rupert
  2506 | D        | Killed Rupert
  2506 | D        | Received a gift from Trog
  2524 | D        | Noticed a dire elephant
  2525 | D        | Noticed a dire elephant
  2536 | D        | Killed a dire elephant
  2536 | D        | Reached skill level 15 in Fighting
  2540 | D        | Killed a dire elephant
  2540 | D        | Reached skill level 20 in Axes
  2540 | D        | Reached skill level 15 in Armour
  2577 | D        | Noticed Gastronok
  2585 | D        | Killed Gastronok
  2814 | D        | Noticed an azure jelly
  2814 | D        | Noticed an azure jelly
  2814 | D        | Noticed an azure jelly
  2814 | D        | Noticed an azure jelly
  2828 | D        | Noticed a death yak
  2839 | D        | Killed a death yak
  2841 | D        | Noticed a death yak
  2842 | D        | Noticed a death yak
  2844 | D        | Noticed a death yak
  2853 | D        | Killed a death yak
  2853 | D        | Received a gift from Trog
  2862 | D        | Killed a death yak
  2862 | D        | Reached skill level 21 in Axes
  2878 | D        | Reached XP level 12. HP: 122/122 MP: 11/11
  2883 | D        | Received a gift from Trog
  2895 | D        | Killed a death yak
  2895 | D        | Reached skill level 15 in Dodging
  2967 | D        | Received a gift from Trog
  2973 | D        | Got an iridescent battleaxe {god gift}
  3087 | D        | Noticed an anaconda
  3087 | D        | Noticed an anaconda
  3092 | D        | Killed an anaconda
  3092 | D        | Reached skill level 22 in Axes
  3097 | D        | Killed an anaconda
  3097 | D        | Received a gift from Trog
  3176 | D        | Noticed an anaconda
  3180 | D        | Killed an anaconda
  3238 | D        | Noticed a nagaraja
  3255 | D        | Found Duemn's Antique Armour Boutique.
  3255 | D        | Found Peentups's Jewellery Emporium.
  3255 | D        | Noticed a naga warrior
  3258 | D        | Killed a nagaraja
  3259 | D        | Found Vapuiske's Food Shop.
  3267 | D        | Slain by a naga warrior

Skill      XL: |  1  2  3  4  5  6  7  8  9 10 11 12 |
---------------+-------------------------------------+-----
Fighting       | 4 6 9 10 11 12 14 16 17 | 17.2
Axes           | 5 8 12 13 15 17 19 21 22 | 22.6
Armour         | 4 5 8 9 11 12 14 16 17 | 17.0
Dodging        | 3 5 7 9 10 11 13 14 15 | 15.8

Action                   |  1- 3 |  4- 6 |  7- 9 | 10-12 || total
-------------------------+-------+-------+-------+-------++-------
Melee: Hand axe          |    13 |    13 |    53 |       ||    79
       Headbutt          |     4 |     1 |    16 |    29 ||    50
       Battleaxe         |       |       |     5 |   184 ||   189
Invok: Berserk           |     2 |     1 |     3 |       ||     6
       Burn Spellbooks   |       |     1 |       |       ||     1
       Brothers in Arms  |       |       |     1 |     2 ||     3
  Use: Potion            |       |       |       |     1 ||     1
 Stab: Sleeping          |     1 |       |       |       ||     1
  Eat: Chunk             |       |     1 |     4 |       ||     5
       Ration            |       |       |     1 |     2 ||     3
Armor: Leather armour    |       |       |     3 |       ||     3
       Plate armour      |       |       |     9 |    64 ||    73
Dodge: Dodged            |    11 |     1 |    18 |    92 ||   122
